Checkers vs Comets

Created - May 1, 2021 at 21:12

Goals
1 2 3 T
Checkers 0 1 0 1
Comets 0 2 2 4
Shots
1 2 3 T
Checkers 17 11 9 37
Comets 9 9 22 40

1st period

No Goal

Penalties :
Phil McRae (Uti) for Holding (Minor) at 17:14, Jonathan Huberdeau (Cha) for Diving (Minor) at 19:49

2nd period

1. Checkers , Michael Latta 40 (Jerry D'Amigo 22) at 2:00
2. Comets , Phil McRae 26 (Juuso Riikola 34) at 12:25
3. Comets , Dennis Everberg 33 (Brendan Gaunce 43, Brandon Saad 51) at 12:47

Penalties :
Nikita Tryamkin (Uti) for Delaying the game (Minor) at 13:37, Dennis Everberg (Uti) for High sticking (Double Minor) at 15:51

3rd period

4. Comets , Dennis Everberg 34 (Brendan Gaunce 44, Brandon Saad 52) at 3:43
5. Comets , Brendan Gaunce 27 (Dennis Everberg 42) at 9:37

Penalties :
Niklas Hansson (Cha) for Delaying the game (Minor) at 1:42

Goalie Stats

Igor Bobkov (Cha), 36 saves from 40 shots - (0.900), L, 35-16-1, 60:00 minutes
Alexandar Georgiev (Uti), 36 saves from 37 shots - (0.973), W, 26-19-7, 60:00 minutes

Players Stats for Checkers

Player Name              G  A  P  +/- PIM S  H  SB GA TA FO     MP     PP MP  PK MP  
------------------------------------------------------------------------------------
Aaron Ekblad             0  0  0  -2  0   1  3  1  0  1  0/0    28:15   4:23   2:05 
Aleksander Barkov        0  0  0  -1  0   1  0  0  2  0  15/29  19:52   3:49   0:00 
Jake Virtanen            0  0  0  -1  0   1  1  1  0  1  1/3    17:09   2:30   0:00 
Jerry D'Amigo            0  1  1   1  0   1  0  0  1  0  0/1     8:53   0:52   1:06 
John Draeger             0  0  0  -2  0   2  1  1  0  1  0/0    20:39   3:07   2:29 
Jonathan Huberdeau       0  0  0  -1  2   3  2  0  0  1  1/1    22:39   3:51   0:55 
Kerby Rychel             0  0  0  -1  0   3  1  0  0  1  0/0    18:12   3:31   0:00 
Markus Nutivaara         0  0  0  -1  0   3  0  6  1  0  0/0    26:39   4:18   0:42 
Matt Puempel             0  0  0  -2  0   1  0  0  0  0  0/1     9:43   0:00   0:23 
Michael Latta            1  0  1   0  0   6  2  0  1  0  9/16   20:28   3:34   2:01 
Michael McCarron         0  0  0   0  0   1  0  0  0  0  0/0     9:13   1:04   0:00 
Mitchell Heard           0  0  0  -1  0   3  1  0  0  0  2/3     8:17   0:00   0:26 
Niklas Hansson           0  0  0   0  2   1  1  0  0  0  0/0    12:27   0:00   1:11 
Quinton Howden           0  0  0  -1  0   4  1  0  0  0  1/9    11:08   0:19   1:31 
Roberts Lipsbergs        0  0  0   0  0   1  1  0  0  0  0/0     9:42   0:35   1:18 
Tobias Rieder            0  0  0  -1  0   3  3  1  0  0  1/2    20:43   3:46   0:16 
Viktor Baldayev          0  0  0   1  0   0  1  0  0  1  0/0    12:14   0:59   0:00 
William Colbert          0  0  0  -3  0   2  1  2  0  0  0/0    19:47   3:07   1:29 

Players Stats for Comets

Player Name              G  A  P  +/- PIM S  H  SB GA TA FO     MP     PP MP  PK MP  
------------------------------------------------------------------------------------
Alex Hutchings           0  0  0   0  0   0  0  0  0  0  1/1     2:05   0:00   1:58 
Andrej Nestrasil         0  0  0  -1  0   2  1  1  1  1  2/4    10:56   0:00   0:00 
Andrew Mangiapane        0  0  0   0  0   0  0  0  0  0  0/0     9:05   0:00   1:43 
Brandon Saad             0  2  2   3  0   2  2  1  0  0  1/3    23:38   2:46   4:18 
Brendan Gaunce           1  2  3   3  0   5  4  0  0  0  13/30  20:40   2:46   1:36 
Christoph Bertschy       0  0  0   0  0   1  0  0  1  0  3/5     7:51   0:00   0:35 
Colton Gillies           0  0  0  -1  0   0  1  0  0  0  0/0    10:56   0:00   0:00 
Denis Gurianov           0  0  0   0  0   0  0  0  0  0  0/0     0:00   0:00   0:00 
Dennis Everberg          2  1  3   3  4   9  1  1  0  0  3/4    21:56   2:46   2:37 
J.T. Brown               0  0  0   1  0   4  0  0  0  0  0/0    15:55   1:12   1:30 
Jared Staal              0  0  0   0  0   0  0  0  0  0  0/0     0:00   0:00   0:00 
Joshua Leivo             0  0  0  -1  0   2  0  0  0  0  1/1    10:56   0:00   0:00 
Juuso Riikola            0  1  1   1  0   1  1  0  0  0  0/0    12:16   0:00   0:00 
Michael Ferland          0  0  0   0  0   0  0  0  0  0  0/0     0:00   0:00   0:00 
Mitch Callahan           0  0  0   0  0   0  0  0  0  0  0/0     0:00   0:00   0:00 
Nicholas Baptiste        0  0  0   0  0   2  0  0  0  0  0/0     7:16   0:00   0:00 
Nikita Tryamkin          0  0  0   1  2   0  0  0  0  0  0/0    18:47   1:36   2:38 
Oliver Kylington         0  0  0   1  0   0  1  0  0  1  0/0    11:10   0:00   0:32 
Phil McRae               1  0  1   1  2   4  1  0  0  0  8/14   14:30   1:12   0:00 
Seth Helgeson            0  0  0   1  0   1  2  2  2  1  0/0    28:24   2:22   4:47 
Taylor Aronson           0  0  0   1  0   2  1  0  0  2  0/0    19:20   1:36   3:10 
Taylor Beck              0  0  0   1  0   5  0  0  2  0  3/3    16:02   1:12   1:37 
Tommy Vannelli           0  0  0   0  0   0  0  0  0  0  0/0     3:45   0:00   0:00 
Tyler Graovac            0  0  0   0  0   0  0  0  0  0  0/0     0:00   0:00   0:00 
Wiley Sherman            0  0  0   1  0   0  1  2  0  0  0/0    26:32   2:22   4:47 

3 Stars

1 - Brendan Gaunce (Uti)
2 - Alexandar Georgiev (Uti)
3 - Dennis Everberg (Uti)

Power Play

Checkers - 0 on 4 Attempt(s) - 0.00%
Comets - 0 on 2 Attempt(s) - 0.00%

Penalty Kill

Checkers - 2 on 2 Attempt(s) - 100.00% - Score 0 goal in Penalty Kill
Comets - 4 on 4 Attempt(s) - 100.00% - Score 0 goal in Penalty Kill

Team Stat

Checkers - Hits : 19 - Faceoff Wins : 30 - Blocked Shots : 12 - Penalty Minutes : 4
Comets - Hits : 16 - Faceoff Wins : 35 - Blocked Shots : 7 - Penalty Minutes : 8

Official

Referees : Unknown
Linesman : Unknown

Game Notes

Jerry D'Amigo is injured at 8:05 of 2nd period (Strained Left Knee)

Finance

Level 1 -- Attendance: 2000 (100.00%) -- Ticket Income $26,000
Level 2 -- Attendance: 986 (98.60%) -- Ticket Income $1,972
Total Attendance: 2986 (99.53%)
Total Ticket Income: $27,972
Other Income: $1,399
Total Income: $29,371

Checkers

5 vs 5 Forward 
   Center                   Left Wing                Right Wing               Time % Phy DF OF 
 1 Aleksander Barkov        Jonathan Huberdeau       Tobias Rieder            40     0   2  3  
 2 Michael Latta            Kerby Rychel             Jerry D'Amigo            30     0   2  3  
 3 Quinton Howden           Matt Puempel             Jake Virtanen            20     0   3  2  
 4 Mitchell Heard           Roberts Lipsbergs        Michael McCarron         10     1   2  2  

5 vs 5 Defense 
   Defense                  Defense                                           Time % Phy DF OF 
 1 Aaron Ekblad             Markus Nutivaara                                  40     0   2  3  
 2 John Draeger             William Colbert                                   30     0   2  3  
 3 Viktor Baldayev          Niklas Hansson                                    20     1   2  2  
 4 Aaron Ekblad             Markus Nutivaara                                  10     0   2  3  

PowerPlay Forward 
   Center                   Left Wing                Right Wing               Time % Phy DF OF 
 1 Aleksander Barkov        Jonathan Huberdeau       Tobias Rieder            60     0   1  4  
 2 Michael Latta            Kerby Rychel             Jerry D'Amigo            40     0   1  4  

PowerPlay Defense
   Defense                  Defense                                           Time % Phy DF OF 
 1 Aaron Ekblad             Markus Nutivaara                                  60     0   2  3  
 2 John Draeger             William Colbert                                   40     0   2  3  

Penalty Kill 4 Players Forward 
   Center                   Wing                     Time % Phy DF OF 
 1 Michael Latta            Jerry D'Amigo            60     1   3  1  
 2 Quinton Howden           Tobias Rieder            40     1   3  1  

Penalty Kill 4 Players Defense
   Defense                  Defense                  Time % Phy DF OF 
 1 John Draeger             Niklas Hansson           60     1   4  0  
 2 William Colbert          Aaron Ekblad             40     1   4  0  

Penalty Kill - 3 Players Forward 
   Forward                                           Time % Phy DF OF 
 1 Michael Latta                                     60     1   3  1  
 2 Mitchell Heard                                    40     1   3  1  

Penalty Kill - 3 Players Defense
   Defense                  Defense                  Time % Phy DF OF 
 1 John Draeger             Niklas Hansson           60     1   4  0  
 2 William Colbert          Aaron Ekblad             40     1   4  0  

4 vs 4 Forward 
   Center                   Wing                     Time % Phy DF OF 
 1 Aleksander Barkov        Jonathan Huberdeau       60     0   2  3  
 2 Michael Latta            Tobias Rieder            40     0   2  3  

4 vs 4 Defense
   Defense                  Defense                  Time % Phy DF OF 
 1 Aaron Ekblad             Markus Nutivaara         60     0   2  3  
 2 William Colbert          John Draeger             40     0   2  3  

Last Minutes Offensive
   Center                   Left Wing                Right Wing               Defense                  Defense                  
   Aleksander Barkov        Jonathan Huberdeau       Tobias Rieder            Aaron Ekblad             Markus Nutivaara         

Last Minutes Defensive
   Center                   Left Wing                Right Wing               Defense                  Defense                  
   Michael Latta            Kerby Rychel             Tobias Rieder            John Draeger             Niklas Hansson           

Goaltenders
Starting : Igor Bobkov              
Backup : Garret Sparks            

Extra Forwards
Normal : Jake Virtanen, Jonathan Huberdeau, Aleksander Barkov - PP : Jake Virtanen, Jonathan Huberdeau - PK : Michael Latta
Extra Defensemen
Normal : Niklas Hansson, Markus Nutivaara, Aaron Ekblad - PP : William Colbert - PK : Aaron Ekblad, Niklas Hansson
Penalty Shots
Aleksander Barkov, Tobias Rieder, Quinton Howden, Michael Latta, Jonathan Huberdeau

Scratches
Juuso Ikonen (Healthy), Keaton Thompson (Healthy), Kyle Platzer (Healthy), Connor Honey (Healthy), Lukas Vejdemo (Healthy)
Dmytro Timashov (Healthy), Michal Jordan (Bruised Left Arm Injury), Anton Zlobin (Healthy), Nelson Nogier (Healthy), Jake Walman (Healthy)
Marek Langhamer (Healthy)

Comets

5 vs 5 Forward 
   Center                   Left Wing                Right Wing               Time % Phy DF OF 
 1 Brendan Gaunce           Brandon Saad             Dennis Everberg          40     1   2  2  
 2 Phil McRae               Taylor Beck              J.T. Brown               30     1   2  2  
 3 Andrej Nestrasil         Colton Gillies           Joshua Leivo             20     1   2  2  
 4 Christoph Bertschy       Andrew Mangiapane        Nicholas Baptiste        10     1   2  2  

5 vs 5 Defense 
   Defense                  Defense                                           Time % Phy DF OF 
 1 Seth Helgeson            Wiley Sherman                                     40     1   2  2  
 2 Nikita Tryamkin          Taylor Aronson                                    30     1   2  2  
 3 Juuso Riikola            Oliver Kylington                                  20     1   2  2  
 4 Tommy Vannelli           Seth Helgeson                                     10     1   2  2  

PowerPlay Forward 
   Center                   Left Wing                Right Wing               Time % Phy DF OF 
 1 Brendan Gaunce           Brandon Saad             Dennis Everberg          60     1   2  2  
 2 Phil McRae               Taylor Beck              J.T. Brown               40     1   2  2  

PowerPlay Defense
   Defense                  Defense                                           Time % Phy DF OF 
 1 Seth Helgeson            Wiley Sherman                                     60     1   2  2  
 2 Nikita Tryamkin          Taylor Aronson                                    40     1   2  2  

Penalty Kill 4 Players Forward 
   Center                   Wing                     Time % Phy DF OF 
 1 Dennis Everberg          Brandon Saad             60     1   2  2  
 2 Taylor Beck              J.T. Brown               40     1   2  2  

Penalty Kill 4 Players Defense
   Defense                  Defense                  Time % Phy DF OF 
 1 Seth Helgeson            Wiley Sherman            60     1   2  2  
 2 Nikita Tryamkin          Taylor Aronson           40     1   2  2  

Penalty Kill - 3 Players Forward 
   Forward                                           Time % Phy DF OF 
 1 Dennis Everberg                                   60     1   2  2  
 2 Brandon Saad                                      40     1   2  2  

Penalty Kill - 3 Players Defense
   Defense                  Defense                  Time % Phy DF OF 
 1 Seth Helgeson            Wiley Sherman            60     1   2  2  
 2 Nikita Tryamkin          Taylor Aronson           40     1   2  2  

4 vs 4 Forward 
   Center                   Wing                     Time % Phy DF OF 
 1 Dennis Everberg          Brandon Saad             60     1   2  2  
 2 Taylor Beck              J.T. Brown               40     1   2  2  

4 vs 4 Defense
   Defense                  Defense                  Time % Phy DF OF 
 1 Seth Helgeson            Wiley Sherman            60     1   2  2  
 2 Nikita Tryamkin          Taylor Aronson           40     1   2  2  

Last Minutes Offensive
   Center                   Left Wing                Right Wing               Defense                  Defense                  
   Brendan Gaunce           Brandon Saad             Dennis Everberg          Seth Helgeson            Wiley Sherman            

Last Minutes Defensive
   Center                   Left Wing                Right Wing               Defense                  Defense                  
   Brendan Gaunce           Brandon Saad             Dennis Everberg          Seth Helgeson            Wiley Sherman            

Goaltenders
Starting : Alexandar Georgiev       
Backup : Thatcher Demko           

Extra Forwards
Normal : Michael Ferland, Jared Staal, Alex Hutchings - PP : Michael Ferland, Jared Staal - PK : Alex Hutchings
Extra Defensemen
Normal : Juuso Riikola, Oliver Kylington, Tommy Vannelli - PP : Juuso Riikola - PK : Oliver Kylington, Tommy Vannelli
Penalty Shots
Dennis Everberg, Brandon Saad, Taylor Beck, J.T. Brown, Brendan Gaunce

Scratches
Thomas DiPauli (Healthy), Jeremy Roy (Healthy), Taylor Leier (Healthy), Michael Prapavessis (Healthy), Jaedon Descheneau (Healthy)
Aaron Haydon (Healthy), Jake Paterson (Healthy)

% Time on Ice - Checkers

Lines # - Real PCT - Wanted PCT - Time Play
Normal Forward
1 - 34% - 40% - 16:17
2 - 31% - 30% - 14:41
3 - 19% - 20% - 9:18
4 - 16% - 10% - 7:49
Normal Defense
1 - 41% - 40% - 19:36
2 - 32% - 30% - 15:11
3 - 23% - 20% - 11:15
4 - 4% - 10% - 2:03
PP Forward
1 - 48% - 60% - 3:49
2 - 52% - 40% - 4:08
PP Defense
1 - 61% - 60% - 4:50
2 - 39% - 40% - 3:07
PK Forward
1 - 93% - 60% - 3:42
2 - 7% - 40% - 0:16
PK Defense
1 - 63% - 60% - 2:29
2 - 37% - 40% - 1:29
PK3 Forward
1 - 0% - 60%
2 - 0% - 40%
PK3 Defense
1 - 0% - 60%
2 - 0% - 40%
44 Forward
1 - 0% - 60%
2 - 0% - 40%
44 Defense
1 - 0% - 60%
2 - 0% - 40%
Last Minute Offensive  - 0:00
Last Minute Defensive  - 0:00
Total
Forward - 60:00
Defense - 60:00

% Time on Ice - Comets

Lines # - Real PCT - Wanted PCT - Time Play
Normal Forward
1 - 35% - 40% - 16:40
2 - 27% - 30% - 13:13
3 - 23% - 20% - 10:56
4 - 15% - 10% - 7:16
Normal Defense
1 - 40% - 40% - 19:23
2 - 30% - 30% - 14:34
3 - 22% - 20% - 10:23
4 - 8% - 10% - 3:45
PP Forward
1 - 70% - 60% - 2:46
2 - 30% - 40% - 1:12
PP Defense
1 - 60% - 60% - 2:22
2 - 40% - 40% - 1:36
PK Forward
1 - 81% - 60% - 6:27
2 - 19% - 40% - 1:30
PK Defense
1 - 60% - 60% - 4:47
2 - 40% - 40% - 3:10
PK3 Forward
1 - 0% - 60%
2 - 0% - 40%
PK3 Defense
1 - 0% - 60%
2 - 0% - 40%
44 Forward
1 - 0% - 60%
2 - 0% - 40%
44 Defense
1 - 0% - 60%
2 - 0% - 40%
Last Minute Offensive  - 0:00
Last Minute Defensive  - 0:00
Total
Forward - 60:00
Defense - 60:00

Play-by-Play

1st period


0:01 of 1st period - Brendan Gaunce wins face-off versus Aleksander Barkov in neutral zone.
0:14 of 1st period - Wrist shot by Brendan Gaunce.
0:14 of 1st period - Stopped by Igor Bobkov without a rebound.
0:15 of 1st period - Phil McRae wins face-off versus Jerry D'Amigo in Checkers zone.
0:26 of 1st period - Snap shot by Taylor Beck.
0:26 of 1st period - Stopped by Igor Bobkov without a rebound.
0:27 of 1st period - Andrej Nestrasil wins face-off versus Quinton Howden in Checkers zone.
0:38 of 1st period - Viktor Baldayev is hit by Oliver Kylington and loses puck.
0:53 of 1st period - Christoph Bertschy is hit by Tobias Rieder and loses puck.
0:59 of 1st period - Off-side.
1:00 of 1st period - Brendan Gaunce wins face-off versus Aleksander Barkov in neutral zone.
1:25 of 1st period - Seth Helgeson is hit by Aaron Ekblad and loses puck.
2:08 of 1st period - Seth Helgeson is hit by Viktor Baldayev and loses puck.
2:43 of 1st period - Snap shot by Andrej Nestrasil.
2:43 of 1st period - Shot Misses the Net.
3:20 of 1st period - Snap shot by Joshua Leivo.
3:20 of 1st period - Stopped by Igor Bobkov without a rebound.
3:21 of 1st period - Michael Latta wins face-off versus Brendan Gaunce in Checkers zone.
3:46 of 1st period - Snap shot by Nicholas Baptiste.
3:46 of 1st period - Shot Blocked by Markus Nutivaara.
3:56 of 1st period - Slapshot by Kerby Rychel.
3:56 of 1st period - Stopped by Alexandar Georgiev with a rebound.
4:12 of 1st period - Slapshot by Markus Nutivaara.
4:12 of 1st period - Deflect By Taylor Beck.
4:12 of 1st period - Stopped by Alexandar Georgiev with a rebound.
4:14 of 1st period - Wrist shot by Mitchell Heard.
4:14 of 1st period - Stopped by Alexandar Georgiev without a rebound.
4:15 of 1st period - Mitchell Heard wins face-off versus Brendan Gaunce in Comets zone.
4:26 of 1st period - Slapshot by Brandon Saad.
4:26 of 1st period - Stopped by Igor Bobkov with a rebound.
4:40 of 1st period - Taylor Beck is hit by John Draeger and loses puck.
4:59 of 1st period - Wrist shot by Taylor Beck.
4:59 of 1st period - Shot Misses the Net.
6:17 of 1st period - Slapshot by Taylor Beck.
6:17 of 1st period - Stopped by Igor Bobkov with a rebound.
6:51 of 1st period - Icing by John Draeger.
6:52 of 1st period - Christoph Bertschy wins face-off versus Jake Virtanen in Checkers zone.
7:15 of 1st period - Wiley Sherman is hit by Jonathan Huberdeau and loses puck.
7:44 of 1st period - Wrist shot by Jerry D'Amigo.
7:44 of 1st period - Shot Misses the Net.
7:47 of 1st period - Icing by Brandon Saad.
7:48 of 1st period - Brendan Gaunce wins face-off versus Aleksander Barkov in Comets zone.
7:53 of 1st period - Wrist shot by Aleksander Barkov.
7:53 of 1st period - Stopped by Alexandar Georgiev without a rebound.
7:54 of 1st period - Aleksander Barkov wins face-off versus Brendan Gaunce in Comets zone.
7:55 of 1st period - Wrist shot by Jonathan Huberdeau.
7:55 of 1st period - Stopped by Alexandar Georgiev with a rebound.
8:08 of 1st period - Icing by Juuso Riikola.
8:09 of 1st period - Michael Latta wins face-off versus Brendan Gaunce in Comets zone.
8:10 of 1st period - Slapshot by Aaron Ekblad.
8:10 of 1st period - Shot Blocked by Dennis Everberg.
8:12 of 1st period - Slapshot by Aaron Ekblad.
8:12 of 1st period - Deflect By Jerry D'Amigo.
8:12 of 1st period - Stopped by Alexandar Georgiev without a rebound.
8:13 of 1st period - Brendan Gaunce wins face-off versus Michael Latta in Comets zone.
8:26 of 1st period - Jerry D'Amigo is hit by Wiley Sherman and loses puck.
10:24 of 1st period - Slapshot by Phil McRae.
10:24 of 1st period - Shot Misses the Net.
10:56 of 1st period - Snap shot by Mitchell Heard.
10:56 of 1st period - Shot Blocked by Andrej Nestrasil.
10:58 of 1st period - Slapshot by John Draeger.
10:58 of 1st period - Stopped by Alexandar Georgiev without a rebound.
10:59 of 1st period - Mitchell Heard wins face-off versus Brendan Gaunce in Comets zone.
11:00 of 1st period - Snap shot by Michael McCarron.
11:00 of 1st period - Stopped by Alexandar Georgiev with a rebound.
11:02 of 1st period - Snap shot by Mitchell Heard.
11:02 of 1st period - Stopped by Alexandar Georgiev with a rebound.
11:04 of 1st period - Slapshot by Roberts Lipsbergs.
11:04 of 1st period - Stopped by Alexandar Georgiev with a rebound.
11:06 of 1st period - Slapshot by Mitchell Heard.
11:06 of 1st period - Stopped by Alexandar Georgiev with a rebound.
11:08 of 1st period - Slapshot by John Draeger.
11:08 of 1st period - Shot Misses the Net.
11:10 of 1st period - Wrist shot by John Draeger.
11:10 of 1st period - Shot Hit the Post.
11:12 of 1st period - Slapshot by John Draeger.
11:12 of 1st period - Stopped by Alexandar Georgiev with a rebound.
11:21 of 1st period - Icing by Dennis Everberg.
11:22 of 1st period - Aleksander Barkov wins face-off versus Brendan Gaunce in Comets zone.
11:35 of 1st period - Slapshot by Brendan Gaunce.
11:35 of 1st period - Shot Blocked by Markus Nutivaara.
11:49 of 1st period - Dennis Everberg is hit by Quinton Howden and loses puck.
12:02 of 1st period - Snap shot by Dennis Everberg.
12:02 of 1st period - Shot Blocked by Markus Nutivaara.
12:04 of 1st period - Slapshot by Brendan Gaunce.
12:04 of 1st period - Shot Misses the Net.
12:06 of 1st period - Slapshot by Dennis Everberg.
12:06 of 1st period - Stopped by Igor Bobkov with a rebound.
12:08 of 1st period - Snap shot by Dennis Everberg.
12:08 of 1st period - Deflect By Brandon Saad.
12:08 of 1st period - Shot Misses the Net.
12:08 of 1st period - Puck is out of play.
12:09 of 1st period - Michael Latta wins face-off versus Phil McRae in Checkers zone.
12:24 of 1st period - Wrist shot by Michael Latta.
12:24 of 1st period - Stopped by Alexandar Georgiev with a rebound.
12:34 of 1st period - John Draeger is hit by Colton Gillies and loses puck.
12:43 of 1st period - Wrist shot by Andrej Nestrasil.
12:43 of 1st period - Shot Misses the Net.
13:01 of 1st period - Snap shot by Christoph Bertschy.
13:01 of 1st period - Shot Misses the Net.
13:09 of 1st period - Slapshot by Tobias Rieder.
13:09 of 1st period - Stopped by Alexandar Georgiev without a rebound.
13:10 of 1st period - Taylor Beck wins face-off versus Michael Latta in Comets zone.
13:54 of 1st period - Snap shot by Nicholas Baptiste.
13:54 of 1st period - Shot Misses the Net.
13:56 of 1st period - Snap shot by Nicholas Baptiste.
13:56 of 1st period - Stopped by Igor Bobkov without a rebound.
13:57 of 1st period - Michael Latta wins face-off versus Christoph Bertschy in Checkers zone.
14:22 of 1st period - J.T. Brown is hit by Tobias Rieder and loses puck.
15:38 of 1st period - Snap shot by Dennis Everberg.
15:38 of 1st period - Shot Misses the Net.
16:10 of 1st period - Slapshot by Nicholas Baptiste.
16:10 of 1st period - Shot Blocked by Tobias Rieder.
16:12 of 1st period - Snap shot by Oliver Kylington.
16:12 of 1st period - Deflect By Christoph Bertschy.
16:12 of 1st period - Stopped by Igor Bobkov with a rebound.
16:14 of 1st period - Slapshot by Juuso Riikola.
16:14 of 1st period - Shot Blocked by Aaron Ekblad.
16:31 of 1st period - Off-side.
16:32 of 1st period - Brendan Gaunce wins face-off versus Matt Puempel in neutral zone.
17:05 of 1st period - Slapshot by Jake Virtanen.
17:05 of 1st period - Shot Misses the Net.
17:07 of 1st period - Wrist shot by Matt Puempel.
17:07 of 1st period - Shot Hit the Post.
17:09 of 1st period - Snap shot by Quinton Howden.
17:09 of 1st period - Stopped by Alexandar Georgiev with a rebound.
17:11 of 1st period - Slapshot by William Colbert.
17:11 of 1st period - Stopped by Alexandar Georgiev without a rebound.
17:12 of 1st period - Taylor Beck wins face-off versus Aleksander Barkov in Comets zone.
17:14 of 1st period - Minor Penalty to Phil McRae for Holding.
17:15 of 1st period - Dennis Everberg wins face-off versus Aleksander Barkov in Comets zone.
17:54 of 1st period - Snap shot by Kerby Rychel.
17:54 of 1st period - Stopped by Alexandar Georgiev without a rebound.
17:55 of 1st period - Taylor Beck wins face-off versus Michael Latta in Comets zone.
17:55 of 1st period - Taylor Beck is hit by Michael Latta.
19:12 of 1st period - William Colbert is hit by Seth Helgeson and loses puck.
19:14 of 1st period - Penalty to Phil McRae is over, Phil McRae is back on ice.
19:30 of 1st period - Off-side.
19:31 of 1st period - Phil McRae wins face-off versus Quinton Howden in neutral zone.
19:42 of 1st period - Snap shot by Phil McRae.
19:42 of 1st period - Shot Misses the Net.
19:44 of 1st period - Snap shot by J.T. Brown.
19:44 of 1st period - Stopped by Igor Bobkov with a rebound.
19:46 of 1st period - Snap shot by J.T. Brown.
19:46 of 1st period - Deflect By Taylor Beck.
19:46 of 1st period - Shot Misses the Net.
19:46 of 1st period - Puck is out of play.
19:47 of 1st period - Aleksander Barkov wins face-off versus Brendan Gaunce in Checkers zone.
19:49 of 1st period - Minor Penalty to Jonathan Huberdeau for Diving.
19:50 of 1st period - Michael Latta wins face-off versus Brendan Gaunce in Checkers zone.
Goals for this period are 0 for Checkers vs 0 for Comets.
Shots for this period are 17 for Checkers vs 9 for Comets.

2nd period


0:01 of 2nd period - Brendan Gaunce wins face-off versus Michael Latta in neutral zone.
1:49 of 2nd period - Penalty to Jonathan Huberdeau is over, Jonathan Huberdeau is back on ice.
1:54 of 2nd period - Jerry D'Amigo is hit by Seth Helgeson.
2:00 of 2nd period - Snap shot by Michael Latta.
2:00 of 2nd period - Goal by Michael Latta - Checkers : 1 - Comets : 0.
2:01 of 2nd period - Phil McRae wins face-off versus Aleksander Barkov in neutral zone.
2:04 of 2nd period - Slapshot by Taylor Aronson.
2:04 of 2nd period - Stopped by Igor Bobkov with a rebound.
2:06 of 2nd period - Snap shot by Taylor Beck.
2:06 of 2nd period - Stopped by Igor Bobkov with a rebound.
2:08 of 2nd period - Snap shot by Phil McRae.
2:08 of 2nd period - Stopped by Igor Bobkov without a rebound.
2:09 of 2nd period - Phil McRae wins face-off versus Aleksander Barkov in Checkers zone.
2:10 of 2nd period - Snap shot by J.T. Brown.
2:10 of 2nd period - Stopped by Igor Bobkov with a rebound.
2:12 of 2nd period - Snap shot by Taylor Aronson.
2:12 of 2nd period - Stopped by Igor Bobkov without a rebound.
2:13 of 2nd period - Brandon Saad wins face-off versus Tobias Rieder in Checkers zone.
2:38 of 2nd period - J.T. Brown is hit by Aaron Ekblad and loses puck.
2:46 of 2nd period - J.T. Brown is hit by Michael Latta and loses puck.
2:57 of 2nd period - Snap shot by Nicholas Baptiste.
2:57 of 2nd period - Shot Blocked by Markus Nutivaara.
3:03 of 2nd period - Wrist shot by Quinton Howden.
3:03 of 2nd period - Stopped by Alexandar Georgiev without a rebound.
3:04 of 2nd period - Christoph Bertschy wins face-off versus Quinton Howden in Comets zone.
3:11 of 2nd period - Wrist shot by Christoph Bertschy.
3:11 of 2nd period - Shot Blocked by John Draeger.
3:13 of 2nd period - Wrist shot by Seth Helgeson.
3:13 of 2nd period - Deflect By Jake Virtanen.
3:13 of 2nd period - Stopped by Igor Bobkov without a rebound.
3:14 of 2nd period - Aleksander Barkov wins face-off versus Brendan Gaunce in Checkers zone.
4:10 of 2nd period - Slapshot by Michael Latta.
4:10 of 2nd period - Shot Blocked by Seth Helgeson.
6:02 of 2nd period - John Draeger is hit by Juuso Riikola and loses puck.
6:25 of 2nd period - Juuso Riikola is hit by Kerby Rychel and loses puck.
6:52 of 2nd period - Snap shot by Quinton Howden.
6:52 of 2nd period - Stopped by Alexandar Georgiev with a rebound.
7:02 of 2nd period - Juuso Riikola is hit by Mitchell Heard and loses puck.
7:09 of 2nd period - Nikita Tryamkin is hit by Roberts Lipsbergs and loses puck.
7:22 of 2nd period - Wrist shot by Tobias Rieder.
7:22 of 2nd period - Shot Misses the Net.
7:24 of 2nd period - Wrist shot by Tobias Rieder.
7:24 of 2nd period - Shot Misses the Net.
7:43 of 2nd period - Snap shot by Brendan Gaunce.
7:43 of 2nd period - Shot Hit the Post.
7:47 of 2nd period - Slapshot by Brandon Saad.
7:47 of 2nd period - Shot Misses the Net.
7:55 of 2nd period - Michael Latta is hit by Dennis Everberg and loses puck.
8:04 of 2nd period - Jerry D'Amigo is hit by Brandon Saad.
8:05 of 2nd period - Jerry D'Amigo from Checkers is injured at 8:05 of 2nd period (Strained Left Knee).
8:06 of 2nd period - Phil McRae wins face-off versus Aleksander Barkov in Checkers zone.
8:33 of 2nd period - Markus Nutivaara is hit by Brendan Gaunce and loses puck.
8:40 of 2nd period - Brendan Gaunce is hit by Jake Virtanen and loses puck.
8:59 of 2nd period - Snap shot by Andrej Nestrasil.
8:59 of 2nd period - Shot Blocked by William Colbert.
9:15 of 2nd period - Wrist shot by Quinton Howden.
9:15 of 2nd period - Stopped by Alexandar Georgiev without a rebound.
9:16 of 2nd period - Christoph Bertschy wins face-off versus Jake Virtanen in Comets zone.
9:24 of 2nd period - Off-side.
9:25 of 2nd period - Tobias Rieder wins face-off versus Phil McRae in neutral zone.
9:38 of 2nd period - Snap shot by J.T. Brown.
9:38 of 2nd period - Shot Blocked by Markus Nutivaara.
9:52 of 2nd period - Wrist shot by Markus Nutivaara.
9:52 of 2nd period - Stopped by Alexandar Georgiev with a rebound.
10:32 of 2nd period - Slapshot by Aaron Ekblad.
10:32 of 2nd period - Stopped by Alexandar Georgiev with a rebound.
11:01 of 2nd period - Juuso Riikola is hit by Aaron Ekblad and loses puck.
11:36 of 2nd period - Michael Latta is hit by Phil McRae and loses puck.
12:13 of 2nd period - Slapshot by Michael Latta.
12:13 of 2nd period - Stopped by Alexandar Georgiev with a rebound.
12:25 of 2nd period - Slapshot by Phil McRae.
12:25 of 2nd period - Goal by Phil McRae - Checkers : 1 - Comets : 1.
12:26 of 2nd period - Quinton Howden wins face-off versus Brendan Gaunce in neutral zone.
12:37 of 2nd period - Backhand shot by Matt Puempel.
12:37 of 2nd period - Stopped by Alexandar Georgiev without a rebound.
12:38 of 2nd period - Brendan Gaunce wins face-off versus Quinton Howden in Comets zone.
12:47 of 2nd period - Snap shot by Dennis Everberg.
12:47 of 2nd period - Goal by Dennis Everberg - Checkers : 1 - Comets : 2.
12:48 of 2nd period - Brendan Gaunce wins face-off versus Quinton Howden in neutral zone.
13:03 of 2nd period - Slapshot by Quinton Howden.
13:03 of 2nd period - Shot Misses the Net.
13:13 of 2nd period - Mitchell Heard is hit by Andrej Nestrasil.
13:23 of 2nd period - Wrist shot by Andrej Nestrasil.
13:23 of 2nd period - Stopped by Igor Bobkov with a rebound.
13:33 of 2nd period - Slapshot by Mitchell Heard.
13:33 of 2nd period - Shot Misses the Net.
13:35 of 2nd period - Slapshot by Jonathan Huberdeau.
13:35 of 2nd period - Shot Misses the Net.
13:37 of 2nd period - Minor Penalty to Nikita Tryamkin for Delaying the game.
13:38 of 2nd period - Dennis Everberg wins face-off versus Aleksander Barkov in Comets zone.
13:47 of 2nd period - Slapshot by William Colbert.
13:47 of 2nd period - Shot Blocked by Wiley Sherman.
13:49 of 2nd period - Wrist shot by Jonathan Huberdeau.
13:49 of 2nd period - Shot Misses the Net.
13:51 of 2nd period - Slapshot by William Colbert.
13:51 of 2nd period - Stopped by Alexandar Georgiev without a rebound.
13:52 of 2nd period - Aleksander Barkov wins face-off versus Brandon Saad in Comets zone.
13:55 of 2nd period - Snap shot by Jonathan Huberdeau.
13:55 of 2nd period - Shot Blocked by Brandon Saad.
13:57 of 2nd period - Slapshot by Markus Nutivaara.
13:57 of 2nd period - Shot Misses the Net.
14:21 of 2nd period - Slapshot by Aaron Ekblad.
14:21 of 2nd period - Deflect By Michael Latta.
14:21 of 2nd period - Stopped by Alexandar Georgiev without a rebound.
14:22 of 2nd period - Aleksander Barkov wins face-off versus Dennis Everberg in Comets zone.
14:23 of 2nd period - Snap shot by Jonathan Huberdeau.
14:23 of 2nd period - Shot Misses the Net.
14:45 of 2nd period - Snap shot by Michael Latta.
14:45 of 2nd period - Stopped by Alexandar Georgiev without a rebound.
14:46 of 2nd period - Dennis Everberg wins face-off versus Michael Latta in Comets zone.
15:23 of 2nd period - Slapshot by Michael Latta.
15:23 of 2nd period - Shot Hit the Post.
15:37 of 2nd period - Penalty to Nikita Tryamkin is over, Nikita Tryamkin is back on ice.
15:51 of 2nd period - Double Minor Penalty to Dennis Everberg for High sticking.
15:52 of 2nd period - Alex Hutchings wins face-off versus Aleksander Barkov in Comets zone.
16:25 of 2nd period - Slapshot by Tobias Rieder.
16:25 of 2nd period - Shot Blocked by Wiley Sherman.
17:19 of 2nd period - Christoph Bertschy is hit by William Colbert and loses puck.
18:26 of 2nd period - Icing by William Colbert.
18:27 of 2nd period - Brendan Gaunce wins face-off versus Michael Latta in Checkers zone.
19:14 of 2nd period - Jake Virtanen is hit by Brendan Gaunce.
19:51 of 2nd period - Penalty to Dennis Everberg is over, Dennis Everberg is back on ice.
Goals for this period are 1 for Checkers vs 2 for Comets.
Shots for this period are 11 for Checkers vs 9 for Comets.

3rd period


0:01 of 3rd period - Aleksander Barkov wins face-off versus Brendan Gaunce in neutral zone.
0:20 of 3rd period - Aleksander Barkov is hit by Brendan Gaunce and loses puck.
1:42 of 3rd period - Minor Penalty to Niklas Hansson for Delaying the game.
1:43 of 3rd period - Michael Latta wins face-off versus Brendan Gaunce in Checkers zone.
2:35 of 3rd period - Brendan Gaunce is hit by Jonathan Huberdeau and loses puck.
3:33 of 3rd period - Slapshot by Dennis Everberg.
3:33 of 3rd period - Shot Misses the Net.
3:37 of 3rd period - Snap shot by Brendan Gaunce.
3:37 of 3rd period - Shot Misses the Net.
3:39 of 3rd period - Backhand shot by Brendan Gaunce.
3:39 of 3rd period - Stopped by Igor Bobkov with a rebound.
3:42 of 3rd period - Penalty to Niklas Hansson is over, Niklas Hansson is back on ice.
3:43 of 3rd period - Snap shot by Dennis Everberg.
3:43 of 3rd period - Goal by Dennis Everberg - Checkers : 1 - Comets : 3.
3:44 of 3rd period - Aleksander Barkov wins face-off versus Phil McRae in neutral zone.
3:47 of 3rd period - Wrist shot by Tobias Rieder.
3:47 of 3rd period - Stopped by Alexandar Georgiev without a rebound.
3:48 of 3rd period - Aleksander Barkov wins face-off versus Phil McRae in Comets zone.
3:59 of 3rd period - Slapshot by Tobias Rieder.
3:59 of 3rd period - Stopped by Alexandar Georgiev with a rebound.
4:01 of 3rd period - Snap shot by Jonathan Huberdeau.
4:01 of 3rd period - Stopped by Alexandar Georgiev with a rebound.
4:14 of 3rd period - Off-side.
4:15 of 3rd period - Michael Latta wins face-off versus Andrej Nestrasil in neutral zone.
4:26 of 3rd period - Slapshot by Markus Nutivaara.
4:26 of 3rd period - Stopped by Alexandar Georgiev with a rebound.
4:28 of 3rd period - Slapshot by Aaron Ekblad.
4:28 of 3rd period - Shot Misses the Net.
4:30 of 3rd period - Slapshot by Aaron Ekblad.
4:30 of 3rd period - Shot Blocked by Seth Helgeson.
4:42 of 3rd period - Wiley Sherman is hit by Tobias Rieder and loses puck.
6:43 of 3rd period - Snap shot by Nicholas Baptiste.
6:43 of 3rd period - Stopped by Igor Bobkov without a rebound.
6:44 of 3rd period - Brendan Gaunce wins face-off versus Quinton Howden in Checkers zone.
6:51 of 3rd period - Snap shot by Brendan Gaunce.
6:51 of 3rd period - Stopped by Igor Bobkov without a rebound.
6:52 of 3rd period - Aleksander Barkov wins face-off versus Brandon Saad in Checkers zone.
6:52 of 3rd period - Jonathan Huberdeau is hit by Brendan Gaunce and loses puck.
6:59 of 3rd period - Snap shot by Brandon Saad.
6:59 of 3rd period - Stopped by Igor Bobkov without a rebound.
7:00 of 3rd period - Jonathan Huberdeau wins face-off versus Brendan Gaunce in Checkers zone.
7:56 of 3rd period - Snap shot by Michael Latta.
7:56 of 3rd period - Stopped by Alexandar Georgiev without a rebound.
7:57 of 3rd period - Michael Latta wins face-off versus Brendan Gaunce in Comets zone.
8:16 of 3rd period - Snap shot by Kerby Rychel.
8:16 of 3rd period - Stopped by Alexandar Georgiev with a rebound.
8:28 of 3rd period - Snap shot by Andrej Nestrasil.
8:28 of 3rd period - Stopped by Igor Bobkov without a rebound.
8:29 of 3rd period - Aleksander Barkov wins face-off versus Andrej Nestrasil in Checkers zone.
8:36 of 3rd period - Snap shot by Jonathan Huberdeau.
8:36 of 3rd period - Stopped by Alexandar Georgiev with a rebound.
8:38 of 3rd period - Slapshot by Niklas Hansson.
8:38 of 3rd period - Deflect By Colton Gillies.
8:38 of 3rd period - Stopped by Alexandar Georgiev with a rebound.
8:53 of 3rd period - Off-side.
8:54 of 3rd period - Phil McRae wins face-off versus Mitchell Heard in neutral zone.
9:19 of 3rd period - Snap shot by Phil McRae.
9:19 of 3rd period - Stopped by Igor Bobkov with a rebound.
9:21 of 3rd period - Snap shot by J.T. Brown.
9:21 of 3rd period - Stopped by Igor Bobkov with a rebound.
9:23 of 3rd period - Snap shot by Phil McRae.
9:23 of 3rd period - Stopped by Igor Bobkov without a rebound.
9:24 of 3rd period - Brendan Gaunce wins face-off versus Aleksander Barkov in Checkers zone.
9:35 of 3rd period - Snap shot by Dennis Everberg.
9:35 of 3rd period - Stopped by Igor Bobkov with a rebound.
9:37 of 3rd period - Slapshot by Brendan Gaunce.
9:37 of 3rd period - Goal by Brendan Gaunce - Checkers : 1 - Comets : 4.
9:38 of 3rd period - Brendan Gaunce wins face-off versus Aleksander Barkov in neutral zone.
11:08 of 3rd period - Icing by Niklas Hansson.
11:09 of 3rd period - Brendan Gaunce wins face-off versus Quinton Howden in Checkers zone.
11:10 of 3rd period - Slapshot by Dennis Everberg.
11:10 of 3rd period - Stopped by Igor Bobkov without a rebound.
11:11 of 3rd period - Aleksander Barkov wins face-off versus Brendan Gaunce in Checkers zone.
11:18 of 3rd period - Snap shot by Markus Nutivaara.
11:18 of 3rd period - Shot Misses the Net.
11:36 of 3rd period - Kerby Rychel is hit by Taylor Aronson and loses puck.
12:08 of 3rd period - Snap shot by Taylor Beck.
12:08 of 3rd period - Stopped by Igor Bobkov with a rebound.
12:26 of 3rd period - Snap shot by Dennis Everberg.
12:26 of 3rd period - Stopped by Igor Bobkov without a rebound.
12:27 of 3rd period - Jake Virtanen wins face-off versus Phil McRae in Checkers zone.
12:33 of 3rd period - Icing by Tommy Vannelli.
12:34 of 3rd period - Phil McRae wins face-off versus Michael Latta in Comets zone.
13:25 of 3rd period - Wrist shot by Joshua Leivo.
13:25 of 3rd period - Stopped by Igor Bobkov without a rebound.
13:26 of 3rd period - Andrej Nestrasil wins face-off versus Aleksander Barkov in Checkers zone.
13:58 of 3rd period - Off-side.
13:59 of 3rd period - Michael Latta wins face-off versus Brendan Gaunce in neutral zone.
14:01 of 3rd period - Off-side.
14:02 of 3rd period - Aleksander Barkov wins face-off versus Brendan Gaunce in neutral zone.
14:05 of 3rd period - Snap shot by Tobias Rieder.
14:05 of 3rd period - Shot Misses the Net.
14:37 of 3rd period - Wrist shot by Dennis Everberg.
14:37 of 3rd period - Shot Blocked by William Colbert.
14:39 of 3rd period - Slapshot by Juuso Riikola.
14:39 of 3rd period - Stopped by Igor Bobkov with a rebound.
14:41 of 3rd period - Snap shot by Brandon Saad.
14:41 of 3rd period - Shot Misses the Net.
14:43 of 3rd period - Slapshot by Dennis Everberg.
14:43 of 3rd period - Stopped by Igor Bobkov with a rebound.
14:49 of 3rd period - Slapshot by Brendan Gaunce.
14:49 of 3rd period - Stopped by Igor Bobkov without a rebound.
14:50 of 3rd period - Phil McRae wins face-off versus Aleksander Barkov in Checkers zone.
14:51 of 3rd period - Snap shot by Taylor Beck.
14:51 of 3rd period - Stopped by Igor Bobkov without a rebound.
14:52 of 3rd period - Aleksander Barkov wins face-off versus Phil McRae in Checkers zone.
15:03 of 3rd period - Snap shot by J.T. Brown.
15:03 of 3rd period - Stopped by Igor Bobkov with a rebound.
15:25 of 3rd period - Wrist shot by Andrej Nestrasil.
15:25 of 3rd period - Shot Blocked by Markus Nutivaara.
15:59 of 3rd period - Wrist shot by Phil McRae.
15:59 of 3rd period - Shot Misses the Net.
16:01 of 3rd period - Snap shot by Juuso Riikola.
16:01 of 3rd period - Shot Misses the Net.
16:03 of 3rd period - Snap shot by Phil McRae.
16:03 of 3rd period - Shot Misses the Net.
16:36 of 3rd period - Off-side.
16:37 of 3rd period - Aleksander Barkov wins face-off versus Christoph Bertschy in neutral zone.
17:07 of 3rd period - Wrist shot by Dennis Everberg.
17:07 of 3rd period - Stopped by Igor Bobkov with a rebound.
17:09 of 3rd period - Wrist shot by Dennis Everberg.
17:09 of 3rd period - Stopped by Igor Bobkov with a rebound.
18:00 of 3rd period - Slapshot by Christoph Bertschy.
18:00 of 3rd period - Shot Misses the Net.
18:40 of 3rd period - Matt Puempel is hit by Brandon Saad and loses puck.
18:49 of 3rd period - Snap shot by Dennis Everberg.
18:49 of 3rd period - Shot Misses the Net.
18:53 of 3rd period - Snap shot by Brendan Gaunce.
18:53 of 3rd period - Shot Blocked by Jake Virtanen.
19:00 of 3rd period - Icing by Viktor Baldayev.
19:01 of 3rd period - Joshua Leivo wins face-off versus Quinton Howden in Checkers zone.
19:16 of 3rd period - Wrist shot by Jake Virtanen.
19:16 of 3rd period - Stopped by Alexandar Georgiev with a rebound.
19:30 of 3rd period - Wiley Sherman is hit by Niklas Hansson and loses puck.
Goals for this period are 0 for Checkers vs 2 for Comets.
Shots for this period are 9 for Checkers vs 22 for Comets.